 Dungeon Crawl Stone Soup version 0.19-a0-1803-g97ff39f (webtiles) character file.

148 Proteus the Covert (level 5, -1/25 HPs)
             Began as a Spriggan Assassin on Oct 5, 2016.
             Killed from afar by an orc wizard (7 damage)
             ... with a puff of flame
             ... on level 3 of the Dungeon.
             The game lasted 00:04:37 (2079 turns).

Proteus the Covert (Spriggan Assassin)              Turns: 2079, Time: 00:04:37

Health: -1/25      AC:  4    Str:  7    XL:     5   Next: 8%
Magic:  6/6        EV: 17    Int: 12    God:
Gold:   90         SH:  0    Dex: 19    Spells: 0 memorised, 4 levels left

rFire  . . .     SeeInvis +     o - +1 short sword (speed)
rCold  . . .     Gourm    .     c - +0 robe
rNeg   . . .     Faith    .     (shield restricted)
rPois  .         Spirit   .     (helmet restricted)
rElec  .         Dismiss  .     d - +1 cloak
rCorr  .         Reflect  .     (gloves unavailable)
MR     .....     Harm     .     (boots unavailable)
Stlth  +++++.....               (no amulet)
                                (no ring)
                                (no ring)

@: very quick
A: unfitting armour, see invisible, herbivore 3, speed 3, slow metabolism 2
a: no special abilities


You were on level 3 of the Dungeon.
You were not hungry.

You visited 1 branch of the dungeon, and saw 3 of its levels.

You collected 90 gold pieces.

Inventory:

Hand Weapons
 a - a +2 dagger
 b - a +0 blowgun
 o - a +1 short sword of speed (weapon)
Missiles
 e - 44 poisoned needles
 f - 2 curare-tipped needles
Armour
 c - a +0 robe (worn)
 d - a +1 cloak (worn)
Scrolls
 h - 2 scrolls of identify
Potions
 j - a potion of lignification
 k - a potion of cure mutation
 l - 2 potions of curing
 m - a potion of might
 n - a potion of magic
Comestibles
 g - 2 bread rations
 p - a slice of pizza


   Skills:
 - Level 1.5 Fighting
 - Level 2.1 Short Blades
 - Level 2.0 Throwing
 - Level 1.5 Dodging
 + Level 9.7 Stealth


You had 4 spell levels left.
You didn't know any spells.

Dungeon Overview and Level Annotations

Branches:
Dungeon (3/15)

Altars:


Innate Abilities, Weirdness & Mutations

You are very small and have problems with some larger weapons.
You are too small for most types of armour.
You have supernaturally acute eyesight. (SInv)
You are a herbivore.
You cover ground extremely quickly.
You need consume almost no food.


Message History

You hit the orc wizard but do no damage.
The orc wizard is heavily wounded.
The orc wizard hits you but does no damage.
You hit the orc wizard.
The orc wizard is severely wounded.
The orc wizard hits you with a dagger.
* * * LOW HITPOINT WARNING * * *
The orc closely misses you.
You are too injured to fight recklessly!
You are too injured to fight recklessly!
You are too injured to fight recklessly!
You are too injured to fight recklessly!
You are too injured to fight recklessly!
You are too injured to fight recklessly!
You are too injured to fight recklessly!
You are too injured to fight recklessly!
You are too injured to fight recklessly!
The orc wizard gestures at you while chanting.
The puff of flame hits you!
You die...

*,,,,.....>...# ##..#<#..#
*,,,,.....#...#***#..###..#
*,,,,.....+.).+,,,..>.,...#
*,,,,....,#...#**#.......##***
*,,,,....,#....,,.<.......,..#
*,,,,,,,,,*,,,,#########*###.#
*,,,,,,,,,****,#oo...$..,..#.#
*,,,,,,,,,* *,#.#*******#[#.#
*,,,,,,,,,* *,#@# #.#.#
******+**** *,#.# #.#.# *,*
*,#.# #.#.# *,*
*,#.#########.(.#### *,*
*,#................. *,*
*,##################
*,*******,* *,, *,,,,,,,,,*
*,* *********** *,*


You could see an orc wizard and an orc.

Vanquished Creatures
  Terence (D:2)
  An orc wizard (D:3)
  4 adders
  An ooze (D:3)
  2 worms (D:2)
  2 dart slugs (D:1)
  2 leopard geckos (D:3)
  2 orcs (D:3)
  2 giant cockroaches
  3 goblins (D:2)
  4 hobgoblins
  2 jackals (D:2)
  A quokka (D:2)
  5 bats
  2 frilled lizards (D:1)
  9 kobolds
  9 rats
52 creatures vanquished.

Notes
Turn   | Place    | Note
-------+----------+-------------------------------------------
     0 | D:1      | Proteus the Spriggan Assassin began the quest for the Orb.
     0 | D:1      | Reached XP level 1. HP: 10/10 MP: 2/2
    20 | D:1      | Reached skill level 6 in Stealth
   201 | D:1      | Reached XP level 2. HP: 13/14 MP: 3/3
   336 | D:1      | Reached skill level 7 in Stealth
   419 | D:2      | Noticed Terence
   460 | D:2      | Killed Terence
   460 | D:2      | Reached XP level 3. HP: 7/18 MP: 4/4
   668 | D:2      | Found a faded altar of an unknown god.
   681 | D:2      | Reached skill level 8 in Stealth
   889 | D:2      | Reached XP level 4. HP: 15/22 MP: 5/5
  1781 | D:3      | Reached skill level 9 in Stealth
  2058 | D:3      | Reached XP level 5. HP: 25/25 MP: 6/6
  2079 | D:3      | Killed from afar by an orc wizard

Vault maps used:
D:1:      erik_arrival_cave_to_civilisation
D:2:      ecumenical_altar_1, minivault_4, uniq_terence
D:3:      uniq_jessica, uniq_robin, uniq_sigmund

Skill      XL: |  1  2  3  4 |
---------------+-------------+-----
Stealth        | 6 7 8 9 |  9.7
Fighting       | |  1.5
Short Blades   | |  2.1
Throwing       | |  2.0
Dodging        | |  1.5

Action                   |  1- 3 |  4- 6 || total
-------------------------+-------+-------++-------
Melee: Dagger            |    30 |       ||    30
       Short sword       |    24 |    87 ||   111
 Fire: Blowgun           |     9 |     8 ||    17
  Use: Scroll            |       |     8 ||     8
 Stab: Sleeping          |    15 |     9 ||    24
Armor: Robe              |     5 |    13 ||    18
Dodge: Dodged            |    25 |    47 ||    72
